 Dungeon Crawl Stone Soup version 0.27-a0-797-g27d10ad80f (webtiles) character file.

Game seed: 1347747526249083176

107 Hasart the Conjurer (level 4, -2/30 HPs)
             Began as a Mummy Conjurer on Mar 27, 2021.
             Slain by Sigmund
             ... wielding a +0 scythe
              (8 damage)
             ... on level 2 of the Dungeon.
             The game lasted 00:02:47 (2241 turns).

Hasart the Conjurer (Mummy Conjurer)                Turns: 2241, Time: 00:02:47

Health: -2/30      AC:  2    Str: 10    XL:     4   Next: 57%
Magic:  0/9        EV: 12    Int: 18    God:
Gold:   52         SH:  0    Dex: 10    Spells: 7/10 levels left

rFire    . . .     SeeInvis .   b - +0 dagger
rCold    + . .     Faith    .   (no shield)
rNeg     + + +     Spirit   .   a - +0 robe
rPois    ∞         Reflect  .   (no helmet)
rElec    .         Harm     .   (no cloak)
rCorr    .         Rampage  .   (no gloves)
Will     .....                  (no boots)
Stlth    ++........             (no amulet)
HPRegen  0.10/turn              e - ring of protection from fire
MPRegen  0.11/turn              (no ring)

@: no status effects
A: cold resistance 1, negative energy resistance 3, torment resistance 2,
unbreathing 1, heat vulnerability 1, no potions
a: no special abilities


You were on level 2 of the Dungeon.
You visited 1 branch of the dungeon, and saw 2 of its levels.

You collected 52 gold pieces.

Inventory:

Hand Weapons
 b - a +0 dagger (weapon)
Armour
 a - a +0 robe (worn)
Jewellery
 e - a ring of protection from fire (left hand)
Scrolls
 c - 2 scrolls of silence {unknown}
 d - a scroll of amnesia {unknown}


   Skills:
 + Level 2.3 Dodging
 - Level 1.5 Stealth
 + Level 3.8 Spellcasting
 * Level 4.2 Conjurations


You had 7 spell levels left.
You knew the following spells:

 Your Spells              Type           Power      Damage    Failure   Level
a - Magic Dart            Conj           72%        1d6       2%          1
b - Searing Ray           Conj           36%        3d4       4%          2

Your spell library contained the following spells:

 Spells                   Type           Power      Damage    Failure   Level
 Dazzling Flash           Conj/Hex       22%        N/A       19%         3
 Fulminant Prism          Conj/Hex       5%         3d7       54%         4
 Iskenderun's Mystic Bla  Conj/Tloc      11%        2d4       54%         4


Dungeon Overview and Level Annotations

Branches:
Dungeon (2/15)

Altars:
Cheibriados
Nemelex Xobeh

Shops:
D:2 !

Annotations:
D:2 Sigmund


Innate Abilities, Weirdness & Mutations

You are immune to poison.
Your flesh is cold resistant. (rC+)
You are immune to negative energy. (rN+++)
You are immune to unholy pain and torment.
You can survive without breathing.
You are vulnerable to heat. (rF-)
You do not drink.


Message History

A hobgoblin comes into view.
Unknown command.
The searing ray hits Sigmund.
Sigmund is lightly wounded.
The hobgoblin shouts!
Sigmund hits you from afar with a +0 scythe.
Unknown command.
The searing ray hits Sigmund.
Sigmund is moderately wounded.
You finish channeling your searing ray.
A quokka comes into view.
Sigmund barely misses you.
Unknown command.
Casting: Searing Ray (safe; 4% risk of failure)
Confirm with . or Enter, or press ? or * to list all spells.
Aiming: Searing Ray (safe; 4% risk of failure)
Press: ? - help, Shift-Dir - straight line, f/p - Sigmund
Aim: Sigmund, wielding a +0 scythe and wearing a +2 robe of willpower (moderately wounded, 25% to evade)
The searing ray hits Sigmund.
Sigmund is moderately wounded. (Press . to maintain the ray.) Sigmund says, "You will soon forget everything."
Sigmund hits you from afar with a +0 scythe!
Unknown command.
Unknown command.
The searing ray hits Sigmund!
Sigmund is severely wounded.
Sigmund hits you from afar with a +0 scythe!
* * * LOW HITPOINT WARNING * * *
Unknown command.
Unknown command.
Unknown command.
The searing ray hits Sigmund.
Sigmund is severely wounded.
The searing ray hits the hobgoblin!
You kill the hobgoblin!
The searing ray hits the quokka.
You kill the quokka!
Sigmund hits you from afar with a +0 scythe!
You die...

.....# ....# ....#
... .†. #.# #@# #.#
#.# #.# #@# #.#
###.## #.# ##≈≈≈.##
#.#
##≈≈≈≈≈.###.#######
#_≈≈.≈≈............
##≈≈≈≈≈.###.#######
##≈≈≈.## #.# ######
#.# #.#


You could see Sigmund.

Vanquished Creatures
  Jessica (D:2)
  An iguana (D:2)
  An adder (D:2)
  2 dart slugs
  2 bats
  5 endoplasms
  A giant cockroach (D:1)
  3 goblins (D:1)
  6 hobgoblins
  8 jackals
  2 quokkas
  A ball python (D:1)
  2 frilled lizards
  4 kobolds (D:1)
  2 rats
41 creatures vanquished.

Notes
Turn   | Place    | Note
-------+----------+-------------------------------------------
     0 | D:1      | Hasart the Mummy Conjurer began the quest for the Orb.
     0 | D:1      | Reached XP level 1. HP: 13/13 MP: 4/4
   237 | D:1      | Reached XP level 2. HP: 19/19 MP: 0/5
  1109 | D:1      | Reached XP level 3. HP: 24/24 MP: 5/7
  1434 | D:2      | Found a sparkling altar of Nemelex Xobeh.
  1505 | D:2      | Noticed Jessica
  1509 | D:2      | Killed Jessica
  1515 | D:2      | Learned a level 2 spell: Searing Ray
  1665 | D:2      | Found Qyal's Distillery.
  1746 | D:2      | Reached skill level 4 in Conjurations
  1746 | D:2      | Reached XP level 4. HP: 10/30 MP: 2/9
  2180 | D:2      | Found a snail-covered altar of Cheibriados.
  2233 | D:2      | Noticed Sigmund
  2241 | D:2      | Slain by Sigmund

Illustrated notes

Levels and vault maps discovered:
D:1:      dpeg_arrival_windows_large_door, layout_basic
D:2:      layout_basic, kennysheep_slug_shrine, nicolae_overflow_crystal_walls,
          serial_shops, shop, grunt_gozag_breadcrumbs, uniq_jessica,
          uniq_sigmund

Skill      XL: |  1  2  3 |
---------------+----------+-----
Spellcasting   | 3 |  3.8
Dodging        | 2 |  2.3
Conjurations   | 4 |  4.2
Stealth        | |  1.5

Action                   |  1- 3 |  4- 6 || total
-------------------------+-------+-------++-------
Melee: Dagger            |     9 |     1 ||    10
 Cast: Magic Dart        |    69 |    15 ||    84
       Searing Ray       |     1 |     3 ||     4
Armor: Robe              |    10 |     1 ||    11
Dodge: Dodged            |    25 |     5 ||    30

Table legend: (Time is in decaauts)
 A = Elapsed time spent in this place.
 B = Non-inter-level travel time spent in this place.
 C = Inter-level travel time spent in this place.
 D = Time resting spent in this place.
 E = Time spent auto-exploring this place.
 F = Levels seen in this place.
 G = Mean time per level.
                   A        B        C        D        E       F      G
               +--------+--------+--------+--------+--------+-----+--------+
         Total |   2240 |   2214 |     26 |    503 |   1371 |   2 | 1120.0 |
       Dungeon |   2240 |   2214 |     26 |    503 |   1371 |   2 | 1120.0 |
               +--------+--------+--------+--------+--------+-----+--------+

Top non-repeatable levels by time:
     D:1: 1433 daAuts
     D:2: 807 daAuts
